 Dungeon Crawl Stone Soup version 0.31-a0-263-ge8cad7f256 (webtiles) character file.

Game seed: 6165924513359092070

168 qw the Shooter (level 5, 0/42 HPs)
             Began as a Minotaur Hexslinger on July 13, 2023.
             Succumbed to an adder's poison
             ... on level 3 of the Dungeon.
             The game lasted 00:00:50 (1958 turns).

qw the Shooter (Minotaur Hexslinger)                Turns: 1958, Time: 00:00:50

Health: 0/42       AC:  3    Str: 12    XL:     5   Next: 23%
Magic:  5/5        EV: 12    Int: 10    God:
Gold:   100        SH:  0    Dex: 15    Spells: 5/6 levels left

rFire   + . .        Y - +1 sling
rCold   + . .        (no shield)
rNeg    . . .        d - +0 leather armour
rPois   .            (helmet restricted)
rElec   .            i - scarf {rC+ rF+}
rCorr   .            (no gloves)
SInv    .            (no boots)
Will    .....        (no amulet)
Stlth   +            f - +4 ring of slaying {mikee}
HPRegen 0.27/turn    (no ring)
MPRegen 0.09/turn

%: no passive effects
@: lethally poisoned (0 -> -2), about to teleport
A: horns 2, retaliatory headbutt
a: no special abilities


You were on level 3 of the Dungeon.
You visited 1 branch of the dungeon, and saw 4 of its levels.

You collected 169 gold pieces.
You spent 69 gold pieces at shops.


Innate Abilities, Weirdness & Mutations

You have a pair of horns on your head.
You reflexively headbutt those who attack you in melee.


   Skills:
 + Level 2.5 Fighting
 - Level 5.6 Ranged Weapons
 - Level 2.1 Dodging
 - Level 1.0 Spellcasting
 - Level 2.0 Hexes


You had 5 spell levels left.
You knew the following spells:

 Your Spells              Type           Power      Damage    Failure   Level
a - Slow                  Hex            16%        N/A       19%         1

Your spell library contained the following spells:

 Spells                   Type           Power      Damage    Failure   Level
 Inner Flame              Hex/Fire       2%         N/A       65%         3
 Portal Projectile        Hex/Tloc       4%         N/A       65%         3
 Cause Fear               Hex            2%         N/A       88%         4

Inventory:

Hand Weapons
 Y - a +1 sling (weapon)
Armour
 a - a +2 cloak
 d - a +0 leather armour (worn)
 i - a scarf of resistance (worn)
Jewellery
 f - a +4 ring of slaying (left hand) {mikee}
 h - a ring of magical power
Potions
 b - a potion of might {unknown}
 c - a potion of enlightenment
 g - a potion of invisibility {unknown}
 j - a potion of curing {unknown}

Dungeon Overview and Level Annotations

Branches:
Dungeon (4/15)
 Temple: D:4-7

Altars:
Fedhas

Shops:
D:2 *


Message History

You feel sick. The scorpion stings you.
You shoot a sling bullet.
The sling bullet completely misses the scorpion.
The sling bullet misses the adder.
You feel sick. The scorpion barely misses you. x2
You shoot a sling bullet. The sling bullet hits the scorpion!
You kill the scorpion!
You feel sick. The adder misses you.
Your Ranged Weapons skill increases to level 5!
You have reached level 5!
You shoot a sling bullet. The sling bullet hits the adder!
You kill the adder!
You feel sick.
You are no longer poisoned.
The adder bites you.
You are poisoned.
The adder poisons you!
You shoot a sling bullet.
The sling bullet barely misses the adder.
You feel sick. The adder bites you.
You are more poisoned.
The adder poisons you!
You shoot a sling bullet. The sling bullet hits the adder.
You kill the adder!
You feel sick.
You shoot a sling bullet.
The sling bullet barely misses the white imp.
You feel sick. The white imp misses you.
You shoot a sling bullet. The sling bullet hits the white imp.
The white imp is moderately wounded.
You feel sick. The white imp hits you. The white imp freezes you. You resist.
The white imp gestures at you. The puff of frost hits you. You resist.
1957 ||| READING scroll of teleportation.
As you read the scroll of teleportation, it crumbles to dust.
You feel strangely unstable.
You feel sick. The white imp barely misses you.
You shoot a sling bullet.
The sling bullet closely misses the white imp.
You die...

#..# +##..#..#.#.#
#....#....##.#.#.#######
#.....[.##..#.#.##.....
+....%..'...#.#.##.....
##.......##..#.#.##.....
##....#....##.#.#.##.....
#...........###[...'.....
............../.#.##.....
###....@######...##.....
+#...#5g...#...#######
##.##....##..## # #.#
....##..# # #.# ?.####..#
# #######.########..# #
..................# #
..###########.....# #
####### #


You could see a white imp and a hobgoblin.

Vanquished Creatures
  A scorpion (D:3)
  3 adders
  An ufetubus (D:4)
  A worm (D:3)
  2 dart slugs
  9 orcs (D:3)
  7 bats
  An endoplasm (D:1)
  6 giant cockroaches
  3 hobgoblins
  4 quokkas
  6 ball pythons
  A frilled lizard (D:1)
  8 kobolds
  10 rats
63 creatures vanquished.

Notes
Turn   | Place    | Note
-------+----------+-------------------------------------------
     0 | D:1      | qw the Minotaur Hexslinger began the quest for the Orb.
     0 | D:1      | Reached XP level 1. HP: 16/16 MP: 1/1
     0 | D:1      | 0 ||| qw: Version: 0.3-a-52-g30416fa
     0 | D:1      | 0 ||| qw: Game counter: 7045
     0 | D:1      | 0 ||| qw: Melee chars always use a shield: true
     0 | D:1      | 0 ||| qw: God list: Okawaru
     0 | D:1      | 0 ||| qw: Allow faded altars: false
     0 | D:1      | 0 ||| qw: Do Orc after clearing Dungeon:15 true
     0 | D:1      | 0 ||| qw: Do second Lair branch before Depths: true
     0 | D:1      | 0 ||| qw: Lair rune preference: random
     0 | D:1      | 0 ||| qw: Goals: Normal
     0 | D:1      | 0 ||| PLANNING D:1-11
    40 | D:1      | Found a faded altar of an unknown god.
    82 | D:1      | HP: 4/16 [constriction (1)]
    85 | D:1      | HP: 1/16 [constriction (1)]
    86 | D:1      | Reached skill level 3 in Ranged Weapons
    87 | D:1      | Reached XP level 2. HP: 2/23 MP: 2/2
   488 | D:1      | 488 ||| UPGRADING to +0 leather armour.
   493 | D:1      | 493 ||| UPGRADING to +0 leather armour.
   559 | D:1      | 559 ||| UPGRADING to +0 robe.
   564 | D:1      | 564 ||| UPGRADING to +0 leather armour.
   574 | D:1      | 574 ||| DROPPING +0 robe.
   636 | D:1      | Reached XP level 3. HP: 29/29 MP: 3/3
   674 | D:1      | 674 ||| UPGRADING to +4 ring of slaying {mikee}.
   675 | D:1      | 675 ||| READING scroll labelled LIAL TO TUU.
   676 | D:1      | 676 ||| READING scroll labelled HUILYO TOUMOEV.
   679 | D:1      | 679 ||| DROPPING scroll of poison.
   820 | D:2      | Reached skill level 4 in Ranged Weapons
   864 | D:2      | Found Huom's Assorted Antiques.
   867 | D:2      | 867 ||| SHOPLISTING bronze ring (120 gold, have 98).
   867 | D:2      | 867 ||| BUYING puce potion (21 gold).
   867 | D:2      | Bought a puce potion for 21 gold pieces
   867 | D:2      | 867 ||| BUYING scroll labelled KAGUBE NAISCHE (24 gold).
   867 | D:2      | Bought a scroll labelled KAGUBE NAISCHE for 24 gold pieces
   867 | D:2      | 867 ||| BUYING scroll labelled RETZET SIULL (24 gold).
   867 | D:2      | Bought a scroll labelled RETZET SIULL for 24 gold pieces
   867 | D:2      | 867 ||| SHOPLISTING scroll of identify (48 gold, have 29).
   867 | D:2      | 867 ||| SHOPLISTING silver wand (96 gold, have 29).
   877 | D:2      | Found a blossoming altar of Fedhas.
  1187 | D:2      | 1187 ||| FLEEEEING.
  1188 | D:2      | 1188 ||| FLEEEEING.
  1461 | D:2      | 1461 ||| UPGRADING to scarf of resistance.
  1466 | D:2      | 1466 ||| READING scroll labelled QUHUH ZITE.
  1467 | D:2      | 1467 ||| READING scroll labelled KAGUBE NAISCHE.
  1468 | D:2      | 1468 ||| READING scroll labelled RETZET SIULL.
  1469 | D:2      | 1469 ||| DRINKING 2 sapphire potions.
  1547 | D:3      | HP: 7/29 [orc/+0 trident (3)]
  1551 | D:3      | 1551 ||| FLEEEEING.
  1552 | D:3      | 1552 ||| FLEEEEING.
  1553 | D:3      | 1553 ||| FLEEEEING.
  1554 | D:3      | 1554 ||| FLEEEEING.
  1558 | D:3      | 1558 ||| FLEEEEING.
  1559 | D:3      | 1559 ||| FLEEEEING.
  1560 | D:3      | 1560 ||| FLEEEEING.
  1561 | D:3      | 1561 ||| FLEEEEING.
  1562 | D:3      | 1562 ||| FLEEEEING.
  1563 | D:3      | 1563 ||| FLEEEEING.
  1564 | D:3      | 1564 ||| FLEEEEING.
  1568 | D:3      | 1568 ||| STAIRDANCE
  1681 | D:3      | You fall into a shaft and drop 1 floor!
  1683 | D:4      | 1683 ||| FLEEEEING.
  1687 | D:4      | Reached XP level 4. HP: 36/36 MP: 4/4
  1689 | D:4      | 1689 ||| STAIRDANCE
  1945 | D:3      | Noticed a scorpion
  1951 | D:3      | Killed a scorpion
  1952 | D:3      | Reached skill level 5 in Ranged Weapons
  1952 | D:3      | Reached XP level 5. HP: 21/41 MP: 5/5
  1956 | D:3      | HP: 9/42 [white imp (2)]
  1956 | D:3      | HP: 3/42 [white imp/puff of frost (6)]
  1957 | D:3      | 1957 ||| READING scroll of teleportation.
  1958 | D:3      | Succumbed to an adder's poison

Levels and vault maps discovered:
D:1:      dpeg_arrival_ratfight, layout_rooms,
          shapermc_ecumenical_altar_totnotflames,
          chequers_serial_rivers_micro_d, st_stairs_11,
          minmay_misc_feat_diagonals
D:2:      layout_basic, basic_altar, serial_shops, nicolae_shop_real_fake_doors,
          minmay_misc_feat_ornament
D:3:      layout_basic, serial_shops, shop, minmay_pentangle, uniq_terence,
          uniq_robin
D:4:      layout_rooms, nicolae_overflows_in_rows,
          minmay_temple_entry_water_ring, serial_shops, shop,
          minmay_misc_feat_tiny, nicolae_nh_ransacked_shop

Skill      XL: |  1  2  3  4 |
---------------+-------------+-----
Ranged Weapons | 3 4 5 |  5.6
Fighting       | 2 |  2.5
Dodging        | |  2.1
Spellcasting   | |  1.0
Hexes          | |  2.0

Action                     |  1- 3 |  4- 6 || total
---------------------------+-------+-------++-------
   Fire: Sling             |   133 |    39 ||   172
    Use: Scroll            |     5 |     1 ||     6
         Potion            |     1 |       ||     1
 Armour: Robe              |     7 |       ||     7
         Leather armour    |     2 |     2 ||     4
  Dodge: Dodged            |    43 |    21 ||    64

Table legend:
 A = Non-vault XP
 B = Vault XP
 C = Vault XP percentage of total XP
 D = Non-vault monster count
 E = Vault monster count
 F = Vault count percentage of total count
                 A         B        C        D         E       F
            +---------+---------+-------+---------+---------+-------
      Total |     115 |     125 |  52.1 |      47 |      16 |  25.4
            +---------+---------+-------+---------+---------+-------
        D:1 |      35 |      11 |  23.9 |      20 |       9 |  31.0
        D:2 |      30 |       0 |   0.0 |      10 |       0 |   0.0
        D:3 |      42 |     114 |  73.1 |      16 |       7 |  30.4
        D:4 |       8 |       0 |   0.0 |       1 |       0 |   0.0
            +---------+---------+-------+---------+---------+-------
